 Dungeon Crawl Stone Soup version 0.21.1-1-g345015f (webtiles) character file.

8743 nicolaieve the Severer (level 11, -3/86 HPs)
             Began as a Minotaur Berserker on June 14, 2018.
             Was an Elder of Trog.
             Slain by an unseen horror (5 damage)
             ... on level 10 of the Dungeon.
             The game lasted 00:34:25 (7032 turns).

nicolaieve the Severer (Minotaur Berserker)         Turns: 7032, Time: 00:34:25

Health: -3/86      AC: 18    Str: 23    XL:     11   Next: 13%
Magic:  10/10      EV: 11    Int:  4    God:    Trog [****..]
Gold:   672        SH:  0    Dex: 12    Spells: 10/10 levels left

rFire    + . .     SeeInvis .   B - +0 war axe
rCold    + . .     Gourm    .   (no shield)
rNeg     . . .     Faith    .   y - +7 Kryia's mail coat {PotionHeal*2 rC+}
rPois    +         Spirit   .   (helmet restricted)
rElec    .         Reflect  .   i - +0 cloak
rCorr    .         Harm     .   z - +0 pair of gloves
MR       .....                  (no boots)
Stlth    ..........             (no amulet)
HPRegen  0.24/turn              f - ring of poison resistance
MPRegen  0.12/turn              m - ring of protection from fire

@: berserk cooldown, slowed, very slow
A: retaliatory headbutt, horns 2
a: Berserk, Trog's Hand, Brothers in Arms, Burn Spellbooks, Renounce Religion


You were on level 10 of the Dungeon.
You worshipped Trog.
Trog was greatly pleased with you.
You were very hungry.

You visited 1 branch of the dungeon, and saw 10 of its levels.

You collected 672 gold pieces.

Inventory:

Hand Weapons
 B - a +0 war axe (weapon)
 E - a +0 battleaxe
 F - a +5 trident
Armour
 i - a +0 cloak (worn)
 j - a +0 plate armour
 y - the +7 Kryia's mail coat (worn) {PotionHeal*2 rC+}
   (You found it on level 5 of the Dungeon)

   It protects you from cold.
 z - a +0 pair of gloves (worn)
Jewellery
 f - a ring of poison resistance (left hand)
 m - a ring of protection from fire (right hand)
Wands
 u - a wand of acid (11)
 x - a wand of iceblast (12)
 H - a wand of paralysis (7)
 J - a wand of random effects (21)
Scrolls
 d - 4 scrolls of enchant weapon {unknown}
 h - a scroll of vulnerability {unknown}
 k - 5 scrolls of remove curse
 o - 4 scrolls of enchant armour {unknown}
 q - 9 scrolls of teleportation
 v - a scroll of fog {unknown}
 A - 3 scrolls of blinking {unknown}
 C - a scroll of magic mapping {unknown}
 I - a scroll of summoning {unknown}
Potions
 b - a potion of brilliance {unknown}
 e - 3 potions of flight
 g - 4 potions of curing
 l - a potion of lignification {unknown}
 n - a potion of invisibility
 p - a potion of haste
 r - a potion of cancellation
 s - 3 potions of ambrosia
 t - 2 potions of heal wounds
 w - a potion of might
 D - a potion of agility
Comestibles
 a - 3 chunks of flesh
 c - 16 rations


   Skills:
 + Level 5.1 Fighting
 * Level 17.1 Axes
 + Level 9.6 Armour
 - Level 2.2 Dodging


You had 10 spell levels left.
You didn't know any spells.

Dungeon Overview and Level Annotations

Branches:
Dungeon (10/15)            Temple (0/1) D:4             Orc (0/2) D:9
   Lair: D:8-11

Altars:
Ru
Trog

Shops:
D:7 [


Innate Abilities, Weirdness & Mutations

You reflexively headbutt those who attack you in melee.
You have a pair of horns on your head.


Message History

Something hits you but does no damage. x2
Something hits you but does no damage. x2
Something hits you!
* * * LOW HITPOINT WARNING * * *
Something hits you but does no damage.
You hit something.
Something hits you but does no damage. x2
Something hits you but does no damage. Something hits you.
* * * LOW HITPOINT WARNING * * *
You slash something! Something hits you.
* * * LOW HITPOINT WARNING * * *
Something hits you but does no damage. Something hits you!
* * * LOW HITPOINT WARNING * * *
Something hits you but does no damage. x3
There is an open door here.
You hit something but do no damage. Something hits you.
* * * LOW HITPOINT WARNING * * *
Something hits you.
You die...

#.### #...## ###..#
####.######
#....%....#
#...^.....# ####+###
#.........###......#
#...........#......#
#.........#.@......+
..(........###......#
###>........#
#......# #.........#
#......# #######.###
##'##### ..# #.####
### #....# ####.# #+#


There were no monsters in sight!

Vanquished Creatures
  Erica (D:9)
  A two-headed ogre (D:8)
  The ghost of theblackcape the Magician, a novice GnWn of Cheibriados (D:6)
  2 cyclopes
  Joseph (D:7)
  A komodo dragon (D:10)
  2 trolls
  Prince Ribbit (D:5)
  The ghost of theblackcape the Cleaver, an amateur GnWn (D:4)
  3 hippogriffs
  A shadow (D:7)
  4 hogs (D:7)
  A human (D:7)
  4 orc warriors
  2 ice beasts
  2 black bears
  A swamp drake (D:9)
  2 ogres
  2 phantoms
  2 centaurs (D:7)
  A big kobold (D:9)
  7 bullfrogs
  4 scorpions
  3 killer bees (D:10)
  7 wights (D:7)
  2 howler monkeys (D:10)
  A crimson imp (D:8)
  A bullfrog zombie (D:8)
  2 hounds
  4 jellies
  5 orc priests
  6 orc wizards
  Ijyb (D:5)
  An iguana (D:5)
  4 worker ants
  A killer bee zombie (D:7)
  A hound skeleton (D:8)
  7 gnolls
  7 adders
  An ooze (D:5)
  2 adder skeletons
  A worm (D:2)
  2 dart slugs
  4 leopard geckos
  19 orcs
  5 bats
  2 giant cockroaches (D:2)
  6 goblins
  8 hobgoblins
  3 jackals (D:2)
  8 kobolds
  2 quokkas
  5 frilled lizards
  7 rats
175 creatures vanquished.

Vanquished Creatures (others)
  A wizard (D:3)
  An orc (D:8)
2 creatures vanquished.

Grand Total: 177 creatures vanquished

Notes
Turn   | Place    | Note
-------+----------+-------------------------------------------
     0 | D:1      | nicolaieve the Minotaur Berserker began the quest for the Orb.
     0 | D:1      | Reached XP level 1. HP: 19/19 MP: 0/0
    52 | D:1      | Reached skill level 4 in Axes
   146 | D:1      | Reached XP level 2. HP: 27/27 MP: 1/1
   558 | D:1      | Reached skill level 5 in Axes
   646 | D:2      | Reached XP level 3. HP: 23/33 MP: 2/2
   819 | D:2      | Found a faded altar of an unknown god.
   933 | D:2      | Reached ** piety under Trog
  1102 | D:2      | Reached XP level 4. HP: 36/40 MP: 3/3
  1162 | D:2      | Reached skill level 6 in Axes
  1962 | D:3      | Found a bloodstained altar of Trog.
  1963 | D:3      | Noticed a wizard
  1969 | D:3      | Killed a wizard
  2119 | D:4      | Found a sacrificial altar of Ru.
  2545 | D:4      | Noticed theblackcape's ghost (amateur GnWn)
  2556 | D:4      | Killed theblackcape's ghost
  2556 | D:4      | Reached skill level 8 in Axes
  2556 | D:4      | Reached XP level 5. HP: 46/46 MP: 4/4
  2556 | D:4      | Reached XP level 6. HP: 52/52 MP: 5/5
  2805 | D:4      | Found a staircase to the Ecumenical Temple.
  3080 | D:5      | Entered Level 5 of the Dungeon
  3088 | D:5      | Noticed Prince Ribbit
  3102 | D:5      | Killed Prince Ribbit
  3102 | D:5      | Reached skill level 9 in Axes
  3102 | D:5      | Reached XP level 7. HP: 29/58 MP: 6/6
  3133 | D:5      | Noticed Ijyb
  3147 | D:5      | Killed Ijyb
  3147 | D:5      | Reached skill level 10 in Axes
  3195 | D:5      | Found the +7 Kryia's mail coat {PotionHeal*2 rC+}
  3306 | D:5      | Reached *** piety under Trog
  3730 | D:6      | Reached XP level 8. HP: 59/66 MP: 7/7
  3779 | D:6      | Reached skill level 11 in Axes
  4064 | D:6      | Reached skill level 5 in Armour
  4093 | D:6      | Noticed theblackcape's ghost (novice GnWn)
  4105 | D:6      | Killed theblackcape's ghost
  4105 | D:6      | Reached skill level 12 in Axes
  4527 | D:7      | Got a brightly glowing quarterstaff
  4528 | D:7      | Lost intelligence.
  4528 | D:7      | Identified the +10 quarterstaff of Inconvenience {flame, rC+ Str+4 Int-4} (You found it on level 7 of the Dungeon)
  4579 | D:7      | Reached XP level 9. HP: 52/71 MP: 8/8
  4602 | D:7      | Reached skill level 13 in Axes
  4624 | D:7      | Noticed a cyclops
  4637 | D:7      | Killed a cyclops
  4778 | D:7      | Noticed Joseph
  4791 | D:7      | Killed Joseph
  4797 | D:7      | Found Edick's Armour Shop.
  4923 | D:7      | Reached skill level 14 in Axes
  4937 | D:7      | Received a gift from Trog
  5286 | D:7      | Reached XP level 10. HP: 78/78 MP: 9/9
  5386 | D:8      | Reached skill level 15 in Axes
  5452 | D:8      | Noticed a two-headed ogre
  5462 | D:8      | Killed a two-headed ogre
  6074 | D:9      | Noticed Erica
  6080 | D:9      | Killed Erica
  6080 | D:9      | Reached skill level 16 in Axes
  6419 | D:9      | Reached **** piety under Trog
  6588 | D:9      | Found a staircase to the Orcish Mines.
  6695 | D:10     | Entered Level 10 of the Dungeon
  6699 | D:10     | Noticed a cyclops
  6719 | D:10     | Killed a cyclops
  6719 | D:10     | Reached XP level 11. HP: 46/85 MP: 10/10
  6739 | D:10     | Reached skill level 17 in Axes
  6742 | D:10     | Reached skill level 5 in Fighting
  7032 | D:10     | HP: 2/86 [something (5)]
  7032 | D:10     | Slain by an unseen horror

Skill      XL: |  1  2  3  4  5  6  7  8  9 10 11 |
---------------+----------------------------------+-----
Axes           | 4 5 8 9 10 12 14 16 17 | 17.1
Armour         | 4 6 8 9 |  9.6
Fighting       | 4 5 |  5.1
Dodging        | |  2.2

Action                   |  1- 3 |  4- 6 |  7- 9 | 10-12 || total
-------------------------+-------+-------+-------+-------++-------
Melee: Hand axe          |    76 |    73 |   115 |       ||   264
       Headbutt          |     9 |    16 |    41 |    34 ||   100
       War axe           |       |       |    84 |   192 ||   276
Invok: Berserk           |     1 |     2 |     5 |     7 ||    15
       Burn Spellbooks   |       |     2 |     1 |     3 ||     6
  Use: Scroll            |       |       |     8 |     6 ||    14
       Potion            |       |       |       |     2 ||     2
  Eat: Chunk             |     2 |     3 |     6 |    11 ||    22
       Ration            |       |     1 |     2 |       ||     3
Armor: Animal skin       |    13 |       |       |       ||    13
       Plate armour      |    19 |    45 |     8 |       ||    72
       Scale mail        |       |       |    79 |   161 ||   240
Dodge: Dodged            |    38 |    26 |    82 |   113 ||   259
